Map: Jagannatha LE

Players

Harstem - Winner!

  • Race: Protoss Protoss

Lilbow

  • Race: Protoss Protoss

Event: DreamHack SC2 Masters 2021 Winter

VOD

Have the link to the VOD?

Description

Time

  • Played on: Oct. 6, 2021, 3:08 p.m.
  • Length: 5:38

All games in this series

Show
View Real Time Build Order
Export as new Build Order

Harstem Protoss - Winner!

Build Orders:  

Get SALT Encoding   

  12  0:00  Probe  
  13  0:12  Probe  
  14  0:17  Pylon  
  14  0:24  Probe (Chrono Boost)  
  15  0:36  Probe (Chrono Boost)  
  15  0:37  Gateway  
  16  0:44  Probe (Chrono Boost)  
  16  0:47  Assimilator  
  17  0:51  Probe  
  17  0:55  Assimilator  
  18  1:03  Probe (Chrono Boost)  
  19  1:08  Gateway  
  19  1:12  Probe (Chrono Boost)  
  19  1:17  Probe (Chrono Boost)  
  21  1:25  Cybernetics Core  
  21  1:29  Probe  
  22  1:38  Pylon  
  22  1:41  Probe  
  23  1:56  Probe  
  24  2:01  Adept x2  
  24  2:02  Warp Gate (Chrono Boost)  
  28  2:10  Probe  
  28  2:12  Pylon  
  29  2:25  Pylon  
  29  2:31  Sentry  
  29  2:32  Sentry  
  33  2:49  Probe  
  34  2:52  Shield Battery  
  34  2:59  Stalker x2  
  38  3:07  Robotics Facility  
  38  3:10  Pylon  
  38  3:21  Nexus  
  38  3:32  Probe  
  39  3:48  Stalker x2  
  43  3:53  Immortal (Chrono Boost)  
  47  4:05  Shield Battery  
  47  4:14  Pylon  
  47  4:28  Immortal (Chrono Boost)  
  43  4:39  Stalker, Sentry  
  43  4:42  Probe  
  46  4:48  Shield Battery  
  46  4:54  Probe  
  51  5:08  Sentry  
  51  5:10  Probe  
  54  5:19  Stalker  
  55  5:33  Stalker  
Show
View Real Time Build Order
Export as new Build Order

Lilbow Protoss 

Build Orders:  

Get SALT Encoding   

  12  0:00  Probe  
  13  0:12  Probe  
  14  0:17  Pylon  
  14  0:24  Probe (Chrono Boost)  
  15  0:36  Gateway, Probe (Chrono Boost)  
  16  0:44  Probe (Chrono Boost)  
  16  0:46  Assimilator  
  17  0:50  Probe  
  18  1:03  Probe (Chrono Boost)  
  19  1:04  Assimilator  
  19  1:10  Gateway  
  20  1:12  Probe (Chrono Boost)  
  20  1:17  Probe (Chrono Boost)  
  20  1:24  Cybernetics Core  
  21  1:29  Probe  
  22  1:37  Pylon  
  22  1:41  Probe  
  23  1:55  Probe  
  23  1:59  Warp Gate (Chrono Boost)  
  24  2:02  Stalker  
  27  2:08  Stalker  
  28  2:16  Pylon  
  28  2:30  Pylon  
  28  2:35  Probe  
  31  2:39  Stalker x2  
  33  2:55  Pylon  
  33  3:04  Gateway  
  33  3:20  Gateway  
  33  3:26  Shield Battery  
  33  3:33  Stalker x2  
  37  3:54  Pylon  
  37  3:56  Stalker  
  37  3:57  Stalker  
  37  4:02  Stalker  
  43  4:17  Stalker  
  43  4:19  Stalker  
  43  4:20  Stalker  
  43  4:40  Stalker x2  
  43  4:52  Stalker x2  
  43  5:03  Sentry x2  
  47  5:15  Zealot, Sentry  
  47  5:29  Stalker  
  47  5:30  Zealot  

Tags
 
Add a new tag
Caveats
  • Supply blocks, unpowered buildings, or Contaminate may cause inaccurate times.
  • Supply counts are checked every 10 seconds.